 Dungeon Crawl Stone Soup version 0.27-a0-279-gdfb9265905 (webtiles) character file.

Game seed: 10949722001334907338

29 nomadicburrito the Insei (level 3, -3/19 HPs)
             Began as a Vine Stalker Monk on Feb 7, 2021.
             Killed from afar by Natasha (6 damage)
             ... with a magic dart
             ... on level 2 of the Dungeon.
             The game lasted 00:01:42 (1357 turns).

nomadicburrito the Insei (Vine Stalker Monk)        Turns: 1357, Time: 00:01:42

Health: -3/19      AC:  3    Str: 13    XL:     3   Next: 16%
Magic:  0/4        EV: 14    Int: 10    God:
Gold:   70         SH:  0    Dex: 23    Spells: 2/2 levels left

rFire    . . .     SeeInvis .     - Unarmed
rCold    . . .     Faith    .   (no shield)
rNeg     . . .     Spirit   +   a - +0 robe
rPois    .         Reflect  .   (no helmet)
rElec    .         Harm     .   (no cloak)
rCorr    .         Rampage  .   e - +0 pair of gloves
Will     .....                  (no boots)
Stlth    +++.......             (no amulet)
HPRegen  0.06/turn              c - +6 ring of dexterity
MPRegen  0.09/turn              (no ring)

@: no status effects
A: fangs 2, magic shield, antimagic bite, no potion heal 3
a: no special abilities


You were on level 2 of the Dungeon.
You visited 1 branch of the dungeon, and saw 2 of its levels.

You collected 70 gold pieces.

Inventory:

Armour
 a - a +0 robe (worn)
 e - a +0 pair of gloves (worn)
Jewellery
 c - a +6 ring of dexterity (left hand)
Scrolls
 b - 2 scrolls of identify {unknown}
 d - a scroll of magic mapping {unknown}
 g - a scroll of fear {unknown}
 h - a scroll of amnesia {unknown}
Potions
 f - a potion of curing {unknown}


   Skills:
 + Level 2.9 Fighting
 + Level 2.6 Dodging
 + Level 3.0 Stealth
 * Level 3.5 Unarmed Combat


You had 2 spell levels left.
You didn't know any spells.
Your spell library was empty.

Dungeon Overview and Level Annotations

Branches:
Dungeon (2/15)

Altars:

Annotations:
D:2 Natasha


Innate Abilities, Weirdness & Mutations

You have extremely sharp teeth.
When hurt, damage is shared between your health and your magic reserves.
Your bite disrupts and absorbs the magic of your enemies.
Potions cannot restore your health.


Message History

You are too injured to fight recklessly!
You are too injured to fight recklessly!
You are too injured to fight recklessly!
You are too injured to fight recklessly!
You are too injured to fight recklessly!
You are too injured to fight recklessly!
You hit Natasha. You bite Natasha.
Natasha's magic leaks into the air.
You drain her magic.
You feel invigorated.
Natasha is severely wounded.
Natasha closely misses you.
You closely miss Natasha.
Natasha is severely wounded.
Natasha claws you!
* * * LOW HITPOINT WARNING * * *
You closely miss Natasha.
Natasha is severely wounded.
Natasha misses you.
Natasha stares at you and mumbles some strange words.
The magic dart hits you!
You die...

##.........# #........
#........#.## #........
#........#..# ##.......
#.........##.####.......
#..........+.....'....>..
#..........###.###.......
##########.# #..###......
#####.###<..........
#..@....##.#........
#h......##†#.###)...
#.......##.#...†....
#.......##.####...^.
#.......##....†.#+##
#.......###..####
#####....##. ###.##..


You could see Natasha.

Vanquished Creatures
  A worm (D:2)
  6 bats
  A giant cockroach (D:1)
  4 goblins (D:1)
  2 hobgoblins
  6 kobolds
  A frilled lizard (D:2)
  3 rats
24 creatures vanquished.

Notes
Turn   | Place    | Note
-------+----------+-------------------------------------------
     0 | D:1      | nomadicburrito the Vine Stalker Monk began the quest for
                  | the Orb.
     0 | D:1      | Reached XP level 1. HP: 11/11 MP: 2/2
   211 | D:1      | Reached XP level 2. HP: 16/16 MP: 3/3
  1193 | D:2      | Reached XP level 3. HP: 13/19 MP: 4/4
  1338 | D:2      | Noticed Natasha
  1357 | D:2      | Killed from afar by Natasha

Illustrated notes

Levels and vault maps discovered:
D:1:      dpeg_arrival_rhombus, layout_basic, solitary_fountain, st_stairs_12,
          chequers_serial_rivers_micro_b
D:2:      layout_basic, lemuel_doored_altar, kennysheep_potato, uniq_natasha

Skill      XL: |  1  2  3 |
---------------+----------+-----
Stealth        | 3 |  3.0
Fighting       | |  2.9
Dodging        | |  2.6
Unarmed Combat | |  3.5

Action                   || total
-------------------------++-------
Melee: Unarmed           ||    76
       Bite              ||    22
       Punch             ||     1
 Stab: Sleeping          ||     8
Armor: Robe              ||    12
Dodge: Dodged            ||    36

Table legend: (Time is in decaauts)
 A = Elapsed time spent in this place.
 B = Non-inter-level travel time spent in this place.
 C = Inter-level travel time spent in this place.
 D = Time resting spent in this place.
 E = Time spent auto-exploring this place.
 F = Levels seen in this place.
 G = Mean time per level.
                   A        B        C        D        E       F      G
               +--------+--------+--------+--------+--------+-----+--------+
         Total |   1351 |   1258 |     93 |      0 |   1080 |   2 |  675.5 |
       Dungeon |   1351 |   1258 |     93 |      0 |   1080 |   2 |  675.5 |
               +--------+--------+--------+--------+--------+-----+--------+

Top non-repeatable levels by time:
     D:1: 1120 daAuts
     D:2: 231 daAuts
